 Seeded DCSS version 0.23.2 (webtiles) character file.

Game seed: 35806634130

176 Kranky the Skirmisher (level 5, -5/52 HPs)
             Began as a Kobold Berserker on Oct 20, 2019.
             Was a Believer of Trog.
             Slain by a gnoll
             ... wielding a cursed -2 flail
              (13 damage)
             ... on level 4 of the Dungeon.
             The game lasted 00:07:42 (3393 turns).

Kranky the Skirmisher (Kobold Berserker)            Turns: 3393, Time: 00:07:43

Health: -5/52      AC:  7    Str: 21    XL:     5   Next: 86%
Magic:  5/5        EV: 16    Int:  8    God:    Trog [**....]
Gold:   141        SH:  0    Dex: 17    Spells: 4/4 levels left

rFire    . . .     SeeInvis .   k - +1 dagger (venom)
rCold    . . .     Gourm    .   (shield restricted)
rNeg     . . .     Faith    .   b - +1 ring mail of the Eight Boll Weevils {rElec Dex+3} (curse)
rPois    .         Spirit   .   (no helmet)
rElec    +         Reflect  .   (no cloak)
rCorr    .         Harm     .   j - +0 pair of gloves
MR       .....                  (no boots)
Stlth    ..........             (no amulet)
HPRegen  0.17/turn              (no ring)
MPRegen  0.09/turn              (no ring)

@: berserking, lethally poisoned (-5 -> -18), very quick
A: small, carnivore
a: Berserk, Trog's Hand, Renounce Religion


You were on level 4 of the Dungeon.
You worshipped Trog.
Trog was pleased with you.
You were full.

You visited 1 branch of the dungeon, and saw 4 of its levels.

You collected 141 gold pieces.

Inventory:

Hand Weapons
 a - a +0 short sword
 k - a +1 dagger of venom (weapon)
Missiles
 m - 68 sling bullets (quivered)
Armour
 b - the cursed +1 ring mail of the Eight Boll Weevils (worn) {rElec Dex+3}
   (You found it on level 4 of the Dungeon)

   It affects your dexterity (+3).
   It insulates you from electricity.
   It has a curse placed upon it.
 j - a +0 pair of gloves (worn)
 r - a +0 leather armour
Scrolls
 f - 3 scrolls of teleportation {unknown}
 g - 5 scrolls of identify {unknown}
 n - 4 scrolls of remove curse {unknown}
 t - 2 scrolls of fear {unknown}
Potions
 d - 3 potions of heal wounds {unknown}
 e - a potion of cancellation {unknown}
 h - a potion of mutation {unknown}
 i - a potion of ambrosia {unknown}
 l - 2 potions of might {unknown}
 o - 2 potions of lignification {unknown}
 p - 2 potions of haste {unknown}
 q - a potion of berserk rage {unknown}
 s - 2 potions of flight {unknown}
 u - 3 potions of curing {unknown}
Comestibles
 c - 10 rations


   Skills:
 + Level 5.2 Fighting
 - Level 4.0 Short Blades
 + Level 1.6 Armour
 + Level 4.3 Dodging
 + Level 2.5 Stealth


You had 4 spell levels left.
You didn't know any spells.
Your spell library was empty.

Dungeon Overview and Level Annotations

Branches:
Dungeon (4/15)
 Temple: D:4-7

Altars:


Innate Abilities, Weirdness & Mutations

You are small and have problems with some larger weapons.
You are carnivorous and can eat meat at any time.


Message History

You feel sick.
* * * LOW HITPOINT WARNING * * *
You feel sick.
* * * LOW HITPOINT WARNING * * *
You feel sick.
Things that are here:
a +0 flail; a gnoll corpse A red film seems to cover your vision as you go berserk!
You feel yourself moving faster!
You feel mighty!
* * * LOW HITPOINT WARNING * * *
You feel sick.
You kill the gnoll!
Trog accepts your kill.
You are too injured to fight recklessly!
You are too injured to fight recklessly!
You are too injured to fight recklessly!
You are too injured to fight recklessly!
You feel a strong urge to attack something.
The gnoll hits you with a cursed -2 flail!
You die...

. ##.....# ##.......#
#......## #.......#.#
#.......###......## #.
##...............##
##..#....#..###......#
#.........### #......#
.####...# #........
##)## #.###..... ##@#
..# #.... #g# .## #...
#o## .### ..
#.)##..... ##.....>.#
#.......###
.....##..## ......g
...# ....o.. .....


You could see a gnoll and an orc.

Vanquished Creatures
  2 hounds
  2 adders (D:2)
  3 gnolls (D:4)
  2 oozes (D:2)
  A dart slug (D:2)
  3 leopard geckos
  An orc (D:3)
  3 giant cockroaches
  6 goblins
  7 hobgoblins
  3 jackals (D:1)
  7 kobolds
  A quokka (D:2)
  2 ball pythons (D:2)
  6 bats
  2 frilled lizards (D:2)
  4 rats
55 creatures vanquished.

Notes
Turn   | Place    | Note
-------+----------+-------------------------------------------
     0 | D:1      | Kranky the Kobold Berserker began the quest for the Orb.
     0 | D:1      | Reached XP level 1. HP: 14/14 MP: 1/1
    24 | D:1      | Reached XP level 2. HP: 14/20 MP: 2/2
   558 | D:1      | Reached skill level 4 in Fighting
   703 | D:1      | Reached XP level 3. HP: 24/24 MP: 3/3
   979 | D:2      | Reached skill level 1 in Stealth
  1029 | D:2      | Reached ** piety under Trog
  1088 | D:2      | Reached XP level 4. HP: 27/30 MP: 4/4
  2167 | D:3      | Reached skill level 5 in Fighting
  2167 | D:3      | Reached XP level 5. HP: 34/35 MP: 5/5
  3016 | D:4      | Got a polished ring mail
  3027 | D:4      | Identified the cursed +1 ring mail of the Eight Boll
                  | Weevils {rElec Dex+3} (You found it on level 4 of the
                  | Dungeon)
  3393 | D:4      | Slain by a gnoll

Skill      XL: |  1  2  3  4  5 |
---------------+----------------+-----
Fighting       | 4 5 |  5.2
Dodging        | 3 4 |  4.3
Stealth        | 1 2 |  2.5
Short Blades   | |  4.0
Armour         | |  1.6

Action                   |  1- 3 |  4- 6 || total
-------------------------+-------+-------++-------
Melee: Short sword       |    56 |       ||    56
       Dagger            |    36 |   105 ||   141
Invok: Berserk           |     1 |     1 ||     2
 Stab: Sleeping          |     3 |       ||     3
  Eat: Chunk             |    10 |     5 ||    15
Armor: Animal skin       |     9 |     2 ||    11
       Leather armour    |       |     3 ||     3
       Ring mail         |       |     8 ||     8
Dodge: Dodged            |    59 |    64 ||   123
